 Dungeon Crawl Stone Soup version 0.20.1-1-g8b1a95d (webtiles) character file.

295 slep the Shield-Bearer (level 6, 0/53 HPs)
             Began as a Minotaur Fighter on Nov 1, 2017.
             Was a Believer of Dithmenos.
             Killed from afar by an orc wizard (5 damage)
             ... with a magic dart
             ... on level 4 of the Dungeon.
             The game lasted 00:13:36 (2324 turns).

slep the Shield-Bearer (Minotaur Fighter)           Turns: 2324, Time: 00:13:37

Health: 0/53       AC:  8    Str: 21    XL:     6   Next: 11%
Magic:  5/5        EV:  8    Int:  5    God:    Dithmenos [**....]
Gold:   114        SH: 14    Dex: 11    Spells: 5/5 levels left

rFire    . . .     SeeInvis .   a - +0 long sword
rCold    . . .     Gourm    .   c - +0 shield
rNeg     . . .     Faith    .   b - +0 scale mail
rPois    .         Spirit   .   (helmet restricted)
rElec    .         Reflect  .   (no cloak)
rCorr    .         Harm     .   x - +0 pair of gloves
MR       .....                  (no boots)
Stlth    ..........             (no amulet)
Regen    0.2/turn               (no ring)
MPRegen  0.1/turn               (no ring)

@: wreathed by umbra
A: retaliatory headbutt, horns 2, large bone plates 1, subdued magic 1
a: Shadow Step, Renounce Religion


You were on level 4 of the Dungeon.
You worshipped Dithmenos.
Dithmenos was pleased with you.
You were not hungry.

You visited 1 branch of the dungeon, and saw 4 of its levels.

You collected 114 gold pieces.

Inventory:

Hand Weapons
 a - a +0 long sword (weapon)
 e - a cursed -2 dagger
 m - a +2 dagger of electrocution
 u - a +3 hand axe of flaming
Armour
 b - a +0 scale mail (worn)
 c - a +0 shield (worn)
 x - a +0 pair of gloves (worn)
Magical Staves
 r - an uncursed staff of power
Wands
 v - a wand of acid (11/15)
Scrolls
 i - a scroll of recharging
 k - 6 scrolls of teleportation {unknown}
 l - a scroll of immolation {unknown}
 p - a scroll of identify
 w - a scroll of magic mapping {unknown}
Potions
 d - 2 potions of might
 h - a potion of curing
 n - a potion of haste {unknown}
 q - a potion of heal wounds {unknown}
 s - a potion of mutation
 z - a potion of ambrosia {unknown}
Books
 y - a book of Callings

   Spells                             Type                      Level
   a - Summon Small Mammal            Summoning                    1
   b - Call Imp                       Summoning                    2
   c - Call Canine Familiar           Summoning                    3
   d - Summon Guardian Golem          Hexes/Summoning              3
   e - Summon Lightning Spire         Summoning/Air                4
   f - Summon Ice Beast               Ice/Summoning                4
Comestibles
 f - 3 bread rations
 g - 3 meat rations
 j - a royal jelly
 o - 3 fruits
 t - 3 chunks of flesh


   Skills:
 + Level 4.4 Fighting
 + Level 5.0 Long Blades
 + Level 5.0 Armour
 + Level 1.3 Dodging
 + Level 0.1 Stealth
 + Level 5.0 Shields


You had 5 spell levels left.
You didn't know any spells.

Dungeon Overview and Level Annotations

Branches:
Dungeon (4/15)
 Temple: D:4-7

Altars:
Dithmenos
Elyvilon
Okawaru
Xom


Innate Abilities, Weirdness & Mutations

You reflexively headbutt those who attack you in melee.
You have a pair of horns on your head.
You are partially covered in large bone plates. (SH +4)
Your spells are a little easier to cast, but a little less powerful.


Message History

* * * LOW HITPOINT WARNING * * *
Something hits you but does no damage.
The orc wizard hits you but does no damage.
You closely miss the orc wizard. Your headbutt misses the orc wizard.
The orc wizard is severely wounded.
You block the orc wizard's attack. Something hits you but does no damage.
The orc misses you.
You riposte.
You hit the orc. You headbutt the orc, but do no damage.
The orc is heavily wounded.
The orc wizard casts a spell.
The orc wizard flickers and vanishes!
The orc wizard points at you and mumbles some strange words.
The puff of flame hits you!
* * * LOW HITPOINT WARNING * * *
You barely miss something. You headbutt something. Something hits you.
* * * LOW HITPOINT WARNING * * *
You hear some strange, mumbled words.
A magic dart appears from out of thin air!
The magic dart hits you!
You die...

##########
#..........
######..........#
#....'..........+
##.####..........#
...####..........#
.o..o'..[..........+
#....o###o.o........#
#o...o #{@.........#
#..o.. #...........#
#..... #...###......
#...# .##### #...# #
####+###...#
########..........#
.......'..........#
########.......####


You could see an orc wizard and an orc.

Vanquished Creatures
  A phantom (D:4)
  A hound (D:4)
  An iguana (D:4)
  A hound zombie (D:4)
  Robin (D:2)
  2 adders
  2 oozes (D:1)
  A worm (D:2)
  4 dart slugs
  4 leopard geckos
  2 orcs
  A ball python (D:1)
  7 bats
  4 giant cockroaches
  12 goblins
  13 hobgoblins
  3 jackals (D:4)
  3 quokkas
  A ball python skeleton (D:4)
  3 frilled lizards (D:3)
  7 kobolds
  10 rats
84 creatures vanquished.

Notes
Turn   | Place    | Note
-------+----------+-------------------------------------------
     0 | D:1      | slep the Minotaur Fighter began the quest for the Orb.
     0 | D:1      | Reached XP level 1. HP: 19/19 MP: 0/0
    48 | D:1      | Reached XP level 2. HP: 25/27 MP: 1/1
   387 | D:1      | Reached XP level 3. HP: 28/33 MP: 2/2
  1173 | D:2      | Found a shadowy altar of Dithmenos.
  1181 | D:2      | Became a worshipper of Dithmenos the Shadowed
  1337 | D:2      | Noticed Robin
  1363 | D:2      | Reached XP level 4. HP: 27/40 MP: 3/3
  1371 | D:2      | Killed Robin
  1422 | D:2      | Found a white marble altar of Elyvilon.
  1498 | D:2      | Reached * piety under Dithmenos
  1538 | D:2      | Found a faded altar of an unknown god.
  1644 | D:2      | Found a shimmering altar of Xom.
  2235 | D:4      | Noticed a phantom
  2243 | D:4      | Reached XP level 5. HP: 40/46 MP: 4/4
  2264 | D:4      | Killed a phantom
  2264 | D:4      | Reached skill level 1 in Dodging
  2264 | D:4      | Reached skill level 5 in Shields
  2264 | D:4      | Reached XP level 6. HP: 40/53 MP: 5/5
  2272 | D:4      | Found an iron altar of Okawaru.
  2291 | D:4      | Reached ** piety under Dithmenos
  2291 | D:4      | Reached skill level 5 in Long Blades
  2291 | D:4      | Reached skill level 5 in Armour
  2319 | D:4      | Gained mutation: Your spells are a little easier to cast, but a little less powerful. [potion of mutation]
  2319 | D:4      | Gained mutation: You are partially covered in large bone plates. (SH +4) [potion of mutation]
  2324 | D:4      | Killed from afar by an orc wizard

Skill      XL: |  1  2  3  4  5  6 |
---------------+-------------------+-----
Armour         | 4 5 |  5.0
Fighting       | 4 |  4.4
Shields        | 4 5 |  5.0
Long Blades    | 3 4 5 |  5.0
Dodging        | 1 |  1.3
Stealth        | |  0.1

Action                   |  1- 3 |  4- 6 || total
-------------------------+-------+-------++-------
Melee: Long sword        |   101 |   118 ||   219
       Headbutt          |    14 |    27 ||    41
  Use: Scroll            |     3 |       ||     3
       Potion            |     1 |     2 ||     3
  Eat: Chunk             |       |     5 ||     5
Armor: Scale mail        |    33 |    72 ||   105
Dodge: Dodged            |    23 |    26 ||    49
Block: Shield            |    48 |    61 ||   109
       Rpst.: Long sword |    10 |     7 ||    17
